 Dungeon Crawl Stone Soup version 0.16-a0-1243-g6e0463c (webtiles) character file.

1323 Kashira the Chopper (level 8, -2/63 HPs)
             Began as a Vine Stalker Berserker on Oct 13, 2014.
             Was an Elder of Trog.
             Slain by an orc warrior
             ... wielding a +0 battleaxe
              (21 damage)
             ... on level 6 of the Dungeon.
             The game lasted 00:12:56 (3488 turns).

Kashira the Chopper (Vine Stalker Berserker)        Turns: 3488, Time: 00:12:56

Health: -2/63      AC:  4    Str: 31    XL:     8   Next: 59%
Magic:  0/20       EV: 13    Int:  8    God:    Trog [****..]
Gold:   67         SH:  0    Dex: 13    Spells: 0 memorised, 7 levels left

rFire  . . .     SeeInvis .     s - +1 flail (pain)
rCold  . . .     Clarity  .     m - +0 leather armour
rNeg   . . .     SustAb   .     (no shield)
rPois  .         Gourm    +     u - +0 helmet
rElec  .         Spirit   +     (no cloak)
rCorr  .         Warding  .     (no gloves)
rMut   .         Stasis   .     (no boots)
MR     +....                    p - amulet of the gourmand
Stlth  ..........               z - ring of magical power
                                x - +4 ring of strength

@: berserking, very quick, somewhat resistant to hostile enchantments, extremely
unstealthy
A: fangs 3, regeneration 2, magic shield, antimagic bite, no device heal 3, rot
immunity
a: Burn Spellbooks, Berserk, Trog's Hand, Brothers in Arms, Renounce Religion


You were on level 6 of the Dungeon.
You worshipped Trog.
Trog was greatly pleased with you.
You were not hungry.

You visited 1 branch of the dungeon, and saw 6 of its levels.

You collected 240 gold pieces.
You spent 173 gold pieces at shops.

Inventory:

Hand weapons
 a - a +0 hand axe
 s - a +1 flail of pain (weapon)
 B - a +2 flail of crushing
Armour
 m - a +0 leather armour (worn)
 u - a +0 helmet (worn)
Jewellery
 k - an uncursed amulet of resist mutation
 p - an amulet of the gourmand (around neck)
 x - a +4 ring of strength (left hand)
 y - an uncursed ring of protection from cold
 z - a ring of magical power (right hand)
Magical devices
 l - a wand of fireball (6)
Scrolls
 o - 3 scrolls of recharging
 r - 2 scrolls of remove curse
 t - 2 scrolls of teleportation {unknown}
 v - 2 scrolls of fog {unknown}
 D - a scroll of vulnerability {unknown}
 E - a scroll of amnesia
 F - a scroll of enchant weapon
Potions
 d - 3 potions of invisibility
 f - a potion of haste {unknown}
 g - 2 potions of resistance
 h - 2 potions of berserk rage {unknown}
 i - a potion of agility {unknown}
 n - a potion of degeneration
 q - 4 potions of curing
 A - a potion of poison
 G - a potion of heal wounds
 I - a potion of cancellation
Books
 H - a book of Frost

   Spells                             Type                      Level
   Freeze                             Ice                          1
   Throw Frost                        Conjuration/Ice              2
   Ozocubu's Armour                   Charms/Ice                   3
   Throw Icicle                       Conjuration/Ice              4
   Summon Ice Beast                   Ice/Summoning                4
   Condensation Shield                Ice                          4
   Trog disapproves of the use of such an item.
Comestibles
 b - 2 beef jerkies
 c - 4 bread rations
 j - 3 fruits
 w - a meat ration
 C - 2 royal jellies


   Skills:
 + Level 4.1 Fighting
 * Level 7.8 Axes
 + Level 2.7 Armour
 + Level 3.5 Dodging
 * Level 2.3 Stealth


You had 7 spell levels left.
You didn't know any spells.

Dungeon Overview and Level Annotations

Branches:
Dungeon (6/15)             Temple (0/1) D:4

Altars:
Qazlal
Sif Muna

Shops:
D:4 *   D:5 *


Innate Abilities, Weirdness & Mutations

You have razor-sharp teeth.
You heal very quickly.
When hurt, damage is shared between your health and your magic reserves.
Your bite disrupts and absorbs the magic of your enemies.
Potions and wands cannot restore your health.
You are immune to rotting.


Message History

The orc warrior shouts!
The orc warrior completely misses you.
You hit the orc warrior.
You bite the orc warrior, but do no damage.
The orc warrior is lightly wounded.
You closely miss the orc warrior. Your bite misses the orc warrior.
The orc warrior is lightly wounded.
The orc warrior hits you with a battleaxe!
You hit the orc warrior. Your bite misses the orc warrior.
The orc warrior is moderately wounded.
The orc warrior hits you with a battleaxe!
You hit the orc warrior. Your bite misses the orc warrior.
The orc warrior is severely wounded.
The orc warrior hits you with a battleaxe!!
Use which ability? (? or * to list)
A red film seems to cover your vision as you go berserk!
You feel yourself moving faster!
You feel mighty!
You feel somewhat more hungry.
The orc warrior hits you with a battleaxe!!
You die...

##########.#.# #.######.####
#.#.# #.# #..... # ##.#.######
#.########### # #.........#
#..........# ## #.........#
##########.# .# #.........# #.#
.## #.........# #.# ..#
#.........# #.# #.# #......o@.#
#.# #.##
#...>.....############.##
#..######.....####...........#...
.......##.....####.#########.####
.#..##.##..........#.......#
.##.##.##.....###..#.#####.#
.##..#(##.....# #..#....<#.#
.###.#.###'#### #..#######.# .#
#...# #.# #).#.......#


You could see an orc warrior.

Vanquished Creatures
  The ghost of Archteshnor the Poker, an average DrSk (D:3)
  A necrophage (D:6)
  2 ogres (D:5)
  A centaur (D:5)
  A phantom (D:4)
  Duvessa (D:5)
  2 scorpions
  A giant frog (D:6)
  A crimson imp (D:5)
  Dowan (D:5)
  A gnoll shaman (D:4)
  3 hounds
  An orc priest (D:3)
  A jelly (D:5)
  An iguana (D:5)
  An orc wizard (D:3)
  A worker ant (D:5)
  A killer bee zombie (D:6)
  Ijyb (D:3)
  3 adders
  6 gnolls (D:4)
  A giant mite (D:1)
  A shadow imp (D:6)
  A worm (D:3)
  An adder skeleton (D:6)
  3 giant geckos
  15 orcs
  4 ball pythons
  4 giant cockroaches
  6 hobgoblins
  8 jackals
  3 quokkas
  15 bats
  2 giant newts
  5 goblins
  A hobgoblin zombie (D:4)
  10 kobolds
  A quokka skeleton (D:4)
  7 rats
  A butterfly (D:4)
121 creatures vanquished.

Notes
Turn   | Place    | Note
--------------------------------------------------------------
     0 | D:1      | Kashira, the Vine Stalker Berserker, began the quest for the Orb.
     0 | D:1      | Reached XP level 1. HP: 11/11 MP: 1/1
    68 | D:1      | Reached skill level 3 in Axes
    76 | D:1      | Reached XP level 2. HP: 16/16 MP: 3/3
    96 | D:1      | Acquired Trog's second power
   211 | D:1      | Reached XP level 3. HP: 17/19 MP: 1/4
   457 | D:2      | Reached skill level 4 in Axes
   819 | D:3      | Noticed Ijyb
   827 | D:3      | Killed Ijyb
   827 | D:3      | Reached XP level 4. HP: 23/23 MP: 5/5
   949 | D:3      | Noticed Archteshnor's ghost (average DrSk)
   958 | D:3      | Killed Archteshnor's ghost
   958 | D:3      | Reached skill level 5 in Axes
   958 | D:3      | Reached XP level 5. HP: 16/27 MP: 5/7
  1019 | D:3      | Reached skill level 6 in Axes
  1019 | D:3      | Gained mutation: You heal very quickly. [vine stalker growth]
  1019 | D:3      | Reached XP level 6. HP: 25/32 MP: 5/8
  1314 | D:4      | Found a staircase to the Ecumenical Temple.
  1564 | D:4      | Reached XP level 7. HP: 27/35 MP: 6/9
  1675 | D:4      | Found Ciut Qax's General Store.
  1685 | D:4      | Acquired Trog's third power
  1702 | D:4      | Bought a potion of resistance for 77 gold pieces
  1702 | D:4      | Bought a scroll of remove curse for 33 gold pieces
  1751 | D:4      | Found a stormy altar of Qazlal.
  1788 | D:4      | Reached skill level 7 in Axes
  1887 | D:5      | Entered Level 5 of the Dungeon
  2152 | D:5      | Noticed Dowan
  2153 | D:5      | Noticed Duvessa
  2156 | D:5      | Gained mutation: You have razor-sharp teeth. [vine stalker growth]
  2156 | D:5      | Reached XP level 8. HP: 33/40 MP: 9/11
  2161 | D:5      | Killed Dowan
  2164 | D:5      | Killed Duvessa
  2545 | D:5      | Found Prealol's Assorted Antiques.
  2548 | D:5      | Bought a fuming purple potion for 19 gold pieces
  2548 | D:5      | Bought a scroll labeled QIRORENE RIDE for 22 gold pieces
  2548 | D:5      | Bought a scroll labeled DUM ITWUCULAMU for 22 gold pieces
  2647 | D:5      | Reached skill level 1 in Stealth
  3067 | D:6      | Found a deep blue altar of Sif Muna.
  3488 | D:6      | Slain by an orc warrior

Action                   |  1- 3 |  4- 6 |  7- 9 || total
-------------------------+-------+-------+-------++-------
Melee: Hand axe          |    99 |    55 |       ||   154
       Flail             |       |    75 |   116 ||   191
Invok: Berserk           |     2 |     3 |     4 ||     9
  Use: Scroll            |       |       |    10 ||    10
  Eat: Chunk             |     1 |     2 |     2 ||     5
       Meat ration       |       |     1 |     1 ||     2
       Pizza             |       |       |     1 ||     1
